 Dungeon Crawl Stone Soup version 0.28-a0-167-g7eff39e849 (webtiles) character file.

Game seed: 9524105794656035473

96 Grimdewalt the Skirmisher (level 4, -2/41 HPs)
             Began as a Minotaur Fighter on Aug 14, 2021.
             Slain by an orc priest (3 damage)
             ... on level 3 of the Dungeon on Aug 16, 2021.
             The game lasted 00:03:59 (1899 turns).

Grimdewalt the Skirmisher (Minotaur Fighter)        Turns: 1899, Time: 00:04:00

Health: -2/41      AC: 10    Str: 22    XL:     4   Next: 41%
Magic:  3/3        EV:  7    Int:  5    God:
Gold:   118        SH:  8    Dex:  9    Spells: 3/3 levels left

rFire   . . .      SeeInvis .   a - +0 flail
rCold   . . .      Faith    .   c - +0 kite shield
rNeg    . . .      Spirit   .   b - +0 scale mail
rPois   .          Reflect  .   (helmet restricted)
rElec   .          Harm     .   (no cloak)
rCorr   .          Rampage  .   (no gloves)
Will    .....                   m - +2 pair of boots
Stlth   ..........              (no amulet)
HPRegen 0.13/turn               (no ring)
MPRegen 0.08/turn               (no ring)

@: no status effects
A: horns 2, retaliatory headbutt
a: no special abilities


You were on level 3 of the Dungeon.
You visited 1 branch of the dungeon, and saw 3 of its levels.

You collected 118 gold pieces.

Inventory:

Hand Weapons
 a - a +0 flail (weapon)
Armour
 b - a +0 scale mail (worn)
 c - a +0 kite shield (worn)
 m - a +2 pair of boots (worn)
Scrolls
 h - a scroll of fog {unknown}
 i - a scroll of holy word {unknown}
 k - a scroll of fear {unknown}
 n - a scroll of vulnerability {unknown}
 p - a scroll of enchant weapon {unknown}
 q - a scroll of summoning {unknown}
 r - 3 scrolls of identify {unknown}
 s - a scroll of teleportation {unknown}
Potions
 d - a potion of might
 e - a potion of brilliance {unknown}
 f - 2 potions of ambrosia {unknown}
 g - a potion of curing {unknown}
 j - 2 potions of heal wounds {unknown}
 l - a potion of attraction {unknown}
 o - a potion of haste {unknown}


   Skills:
 + Level 4.4 Fighting
 + Level 3.4 Maces & Flails
 + Level 4.4 Armour
 + Level 4.4 Shields


You had 3 spell levels left.
You didn't know any spells.
Your spell library was empty.

Dungeon Overview and Level Annotations

Branches:
Dungeon (3/15)

Altars:

Shops:
D:1 =


Innate Abilities, Weirdness & Mutations

You have a pair of horns on your head.
You reflexively headbutt those who attack you in melee.


Message History

The orc priest looks satisfied for a moment.
You thump the orc priest!
The orc priest is severely wounded.
The orc hits you but does no damage. You block something's attack.
The orc hits you but does no damage.
The orc priest hits you but does no damage.
The orc hits you but does no damage. Something hits you but does no damage.
You barely miss the orc priest. Your headbutt misses the orc priest.
The orc priest is severely wounded.
The orc hits you but does no damage.
The orc priest hits you but does no damage.
The orc hits you with a +0 mace.
You hear some strange, mumbled words.
A puff of flame appears from out of thin air!
You block the puff of flame. The orc hits you but does no damage.
You block the orc priest's attack.
You are too injured to fight recklessly!
You are too injured to fight recklessly!
You are too injured to fight recklessly!
You are too injured to fight recklessly!
You are too injured to fight recklessly!
You hit the orc priest but do no damage.
The orc priest is severely wounded.
The orc hits you with a +0 mace.
* * * LOW HITPOINT WARNING * * *
You hear some strange, mumbled words.
A magic dart appears from out of thin air!
The magic dart hits you but does no damage.
You block the orc's attack.
The orc priest hits you with a +0 falchion.
* * * LOW HITPOINT WARNING * * *
The orc barely misses you. Something hits you.
* * * LOW HITPOINT WARNING * * *
You hit the orc priest but do no damage.
Your headbutt misses the orc priest.
The orc priest is severely wounded.
The orc barely misses you.
The orc priest hits you but does no damage.
You block the orc's attack. Something hits you but does no damage.
You block the orc's attack.
The orc priest looks encouraged for a moment.
You hit the orc priest but do no damage.
You headbutt the orc priest, but do no damage.
The orc priest is severely wounded.
You block the orc's attack. Something hits you.
* * * LOW HITPOINT WARNING * * *
The orc hits you with a +0 whip.
* * * LOW HITPOINT WARNING * * *
The orc priest hits you with a +0 falchion.
You die...

## #### .. .?. .
... #.##.. #.#..#
######
....##......
######oo#.....#
#.....{@o.....#
####.#........#
#.†......#
#.>......#
#........#
#...#'####
#...#.######(#.
.....#.......>..
####..#..#######.


You could see an orc priest and 2 orcs.

Vanquished Creatures
  Jessica (D:2)
  An adder (D:2)
  A worm (D:3)
  3 dart slugs
  4 ball pythons
  3 endoplasms (D:1)
  4 giant cockroaches
  4 goblins
  6 hobgoblins
  4 kobolds
  2 quokkas (D:1)
  5 bats
  5 frilled lizards
  8 rats
51 creatures vanquished.

Notes
Turn   | Place    | Note
-------+----------+-------------------------------------------
     0 | D:1      | Grimdewalt the Minotaur Fighter began the quest for the
                  | Orb.
     0 | D:1      | Reached XP level 1. HP: 19/19 MP: 0/0
   110 | D:1      | Reached XP level 2. HP: 19/27 MP: 1/1
   412 | D:1      | Upgraded the game from 0.28-a0-122-gfd0ec89410 to
                  | 0.28-a0-167-g7eff39e849
   444 | D:1      | Found Omoes's Jewellery Emporium.
   677 | D:1      | Reached XP level 3. HP: 33/33 MP: 2/2
  1650 | D:2      | Noticed Jessica
  1657 | D:2      | Killed Jessica
  1658 | D:2      | Reached XP level 4. HP: 31/41 MP: 3/3
  1899 | D:3      | HP: 1/41 [orc (3)]
  1899 | D:3      | Slain by an orc priest

Illustrated notes

Levels and vault maps discovered:
D:1:      lemuel_arrival_funnel, layout_basic, serial_shops, shop, minivault_25,
          skrybe_limestone_x, minivault_19
D:2:      layout_loops_corners, uniq_jessica
D:3:      layout_basic, chequers_garden, chequers_big_river,
          minmay_curled_crystal, minmay_misc_feat_nine_boxes,
          uniq_crazy_yiuf_cottage, uniq_sigmund

Skill      XL: |  1  2 |
---------------+-------+-----
Fighting       | 4 |  4.4
Armour         | 4 |  4.4
Maces & Flails | 3 |  3.4
Shields        | 4 |  4.4

Action                   |  1- 3 |  4- 6 || total
-------------------------+-------+-------++-------
Melee: Flail             |   117 |    11 ||   128
       Headbutt          |    12 |     3 ||    15
Armor: Scale mail        |    49 |    19 ||    68
Dodge: Dodged            |    38 |     4 ||    42
Block: Kite shield       |    47 |    14 ||    61

Table legend: (Time is in decaauts)
 A = Elapsed time spent in this place.
 B = Non-inter-level travel time spent in this place.
 C = Inter-level travel time spent in this place.
 D = Time resting spent in this place.
 E = Time spent auto-exploring this place.
 F = Levels seen in this place.
 G = Mean time per level.
                   A        B        C        D        E       F      G
               +--------+--------+--------+--------+--------+-----+--------+
         Total |   1958 |   1886 |     72 |      0 |   1544 |   3 |  652.7 |
       Dungeon |   1958 |   1886 |     72 |      0 |   1544 |   3 |  652.7 |
               +--------+--------+--------+--------+--------+-----+--------+

Top non-repeatable levels by time:
     D:2: 996 daAuts
     D:1: 889 daAuts
     D:3: 72 daAuts
